 Dungeon Crawl Stone Soup version 0.29.1-1-gd02db6906a (webtiles) character file.

Game seed: 10634005887642164593

424 wamuu1 the Trooper (level 7, -2/55 HPs)
             Began as a Human Brigand on Oct 15, 2022.
             Was an Initiate of Kikubaaqudgha.
             Slain by an orc warrior
             ... wielding a +0 war axe
              (17 damage)
             ... on level 5 of the Dungeon.
             The game lasted 00:32:36 (4315 turns).

wamuu1 the Trooper (Human Brigand)                  Turns: 4315, Time: 00:32:37

Health: -2/55      AC:  6    Str: 11    XL:     7   Next: 17%
Magic:  11/11      EV: 11    Int: 11    God:    Kikubaaqudgha [......]
Gold:   281        SH:  0    Dex: 17    Spells: 7/12 levels left

rFire   + + .      SeeInvis .   a - +2 short sword (venom)
rCold   + . .      Faith    .   (no shield)
rNeg    . . .      Spirit   .   f - +0 leather armour
rPois   +          Reflect  .   q - +0 helmet
rElec   +          Harm     .   c - +0 cloak
rCorr   +          Rampage  .   r - +0 pair of gloves {Stlth+}
Will    .....                   (no boots)
Stlth   ++++......              m - amulet of regeneration
HPRegen 0.98/turn               s - ring of protection from fire
MPRegen 0.12/turn               (no ring)

@: brilliant, resistant
A: no striking features
a: Renounce Religion


You were on level 5 of the Dungeon.
You worshipped Kikubaaqudgha.
Kikubaaqudgha was noncommittal.
You visited 2 branches of the dungeon, and saw 6 of its levels.

You collected 281 gold pieces.

Inventory:

Hand Weapons
 a - a +2 short sword of venom (weapon)
 b - a +0 longbow
Missiles
 d - 14 poisoned darts
 e - 3 curare-tipped darts
 n - 30 stones (quivered)
 t - a throwing net
Armour
 c - a +0 cloak (worn)
 f - a +0 leather armour (worn)
 h - a +0 ring mail
 k - a +0 robe
 o - a +0 scale mail
 q - a +0 helmet (worn)
 r - a +0 pair of gloves of stealth (worn)
Jewellery
 m - an amulet of regeneration (around neck)
 s - a ring of protection from fire (left hand)
Wands
 p - a wand of digging (3)
Scrolls
 i - a scroll of identify
 l - 2 scrolls of amnesia


   Skills:
 + Level 4.4 Fighting
 - Level 2.0 Short Blades
 - Level 0.8 Ranged Weapons
 - Level 2.0 Throwing
 - Level 1.0 Dodging
 - Level 4.0 Stealth
 - Level 3.0 Spellcasting
 + Level 0.0 Necromancy
 - Level 4.0 Transmutations


You had 7 spell levels left.
You knew the following spells:

 Your Spells              Type           Power      Damage    Failure   Level
a - Beastly Appendage     Tmut           30%        N/A       7%          1
b - Animate Dead          Necr           2%         N/A       98%         4

Your spell library contained the following spells:

 Spells                   Type           Power      Damage    Failure   Level
 Wereblood                Tmut           15%        N/A       10%         2
 Spider Form              Tmut/Pois      9%         N/A       41%         3
 Haunt                    Necr/Summ      1%         N/A       100%        7
 Infestation              Necr           1%         N/A       100%        8


Dungeon Overview and Level Annotations

Branches:
Dungeon (5/15)             Temple (1/1) D:4

Altars:
Ashenzari
Dithmenos
Elyvilon
Fedhas
Gozag
Kikubaaqudgha
Makhleb
Nemelex Xobeh
Okawaru
Qazlal
Ru
Uskayaw
Vehumet
Wu Jian
Xom
Yredelemnul
Zin
The Shining One

Shops:
D:1 (   D:2 [   D:4 (

Annotations:
D:2 exclusion: downstairs
D:3 exclusion: ogre, Sigmund


Message History

Throw: 32 stones
Press: ? - help, Q - select action, (/) - cycle Shift-Dir - straight line, f/p - orc warrior
Aim: an orc warrior, wielding a +0 war axe and wearing a +0 plate armour (lightly wounded, 63% to hit)
You throw a stone.
The stone barely misses the orc warrior.
Throw: 31 stones
Press: ? - help, Q - select action, (/) - cycle Shift-Dir - straight line, f/p - orc warrior
Aim: an orc warrior, wielding a +0 war axe and wearing a +0 plate armour (lightly wounded, 63% to hit)
You throw a stone.
The stone hits the orc warrior but does no damage.
The orc warrior is lightly wounded.
You hit the orc warrior but do no damage.
The orc warrior is lightly wounded.
The orc warrior hits you with a +0 war axe.
You barely miss the orc warrior.
The orc warrior is lightly wounded.
The orc warrior hits you with a +0 war axe!
You hit the orc warrior.
The orc warrior is lightly wounded.
The orc warrior barely misses you.
You hit the orc warrior.
The orc warrior is poisoned.
The orc warrior is lightly wounded.
The orc warrior hits you with a +0 war axe!
You hit the orc warrior.
The orc warrior looks as sick as possible!
The orc warrior is moderately wounded.
The orc warrior hits you with a +0 war axe.
You hit the orc warrior but do no damage.
The orc warrior looks as sick as possible!
The orc warrior is heavily wounded.
The orc warrior hits you with a +0 war axe!
The orc warrior attacks as you move away!
The orc warrior hits you with a +0 war axe!
* * * LOW HITPOINT WARNING * * *
You hit the orc warrior but do no damage.
The orc warrior looks as sick as possible!
The orc warrior is almost dead.
The orc warrior hits you with a +0 war axe!
You die...
Kikubaaqudgha rasps: "You have failed me!
Welcome... death!"

#.####..########
####.####..#
#..>.......#
#..........####
#...............
#...<......#####
#..........#
#..o.......#
#.@........#
############


You could see an orc warrior (extremely poisoned).

Vanquished Creatures
  An ogre (D:3)
  2 scorpions
  Crazy Yiuf (D:4)
  Ijyb (D:3)
  7 gnolls (D:4)
  2 adders (D:4)
  3 worms
  2 dart slugs
  8 ball pythons
  9 bats
  7 endoplasms
  A giant cockroach (D:1)
  12 hobgoblins
  4 jackals (D:2)
  6 frilled lizards
  7 goblins
  8 kobolds
  4 rats (D:1)
85 creatures vanquished.

Vanquished Creatures (others)
  17 plants (D:4)
17 creatures vanquished.

Grand Total: 102 creatures vanquished

Notes
Turn   | Place    | Note
-------+----------+-------------------------------------------
     0 | D:1      | wamuu1 the Human Brigand began the quest for the Orb.
     0 | D:1      | Reached XP level 1. HP: 16/16 MP: 1/1
    98 | D:1      | Found Vojecor's Antique Weapon Emporium.
   112 | D:1      | Found a faded altar of an unknown god.
   328 | D:1      | Reached XP level 2. HP: 23/23 MP: 2/2
   347 | D:1      | Learned a level 1 spell: Beastly Appendage
   839 | D:1      | Reached skill level 1 in Transmutations
   839 | D:1      | Reached XP level 3. HP: 29/29 MP: 3/3
  1506 | D:2      | Found Calo's Armour Boutique.
  1629 | D:2      | Reached XP level 4. HP: 35/35 MP: 4/4
  2139 | D:3      | Noticed an ogre
  2345 | D:3      | Noticed Sigmund
  2395 | D:3      | Found a broken altar of Ashenzari.
  2467 | D:3      | Noticed Ijyb
  2490 | D:3      | Killed Ijyb
  2491 | D:3      | Reached XP level 5. HP: 41/41 MP: 5/5
  2665 | D:3      | Reached skill level 1 in Spellcasting
  2709 | D:3      | Killed an ogre
  2710 | D:3      | Reached XP level 6. HP: 15/47 MP: 6/9
  2835 | D:3      | Found a burning altar of Makhleb.
  2835 | D:3      | Noticed a balrug
  3227 | D:4      | Found Dalohe's Antique Weapon Shoppe.
  3363 | D:4      | Found a runed translucent door.
  3364 | D:4      | Noticed Crazy Yiuf
  3419 | D:4      | Killed Crazy Yiuf
  3461 | D:4      | Reached XP level 7. HP: 44/53 MP: 9/11
  3596 | D:4      | Found a staircase to the Ecumenical Temple.
  3602 | Temple   | Entered the Ecumenical Temple
  3910 | Temple   | Became a worshipper of Kikubaaqudgha
  4223 | D:4      | Learned a level 4 spell: Animate Dead
  4268 | D:5      | Entered Level 5 of the Dungeon
  4315 | D:5      | Slain by an orc warrior

Illustrated notes

Levels and vault maps discovered:
D:1:      dpeg_arrival_chambers_temple_mockup, layout_loops_ring, serial_shops,
          nicolae_shop_overgrown_old_shop,
          shapermc_ecumenical_altar_totnotflames, serial_aquarium,
          aquarium_bridge_square [aquarium_subvault_bridge,
          aquarium_subvault_balcony, aquarium_subvault_wall,
          aquarium_subvault_bridge], aquarium_bridge_straight
          [aquarium_subvault_bridge, aquarium_subvault_wall,
          aquarium_subvault_bridge, aquarium_subvault_window],
          aquarium_window_1, aquarium_window_1, aquarium_view_2f,
          aquarium_balcony_1a, minmay_cut_off
D:2:      layout_loops_ring, serial_shops, nicolae_shop_crystal
D:3:      layout_loops_ring, mainiacjoe_overflow_tiny_flanked,
          makhleb_altar_promises_db, grunt_decor_cap, uniq_sigmund, uniq_ijyb
D:4:      layout_rooms, temple_green, serial_shops, nicolae_shop_trees,
          nicolae_grassy_gnolls, uniq_crazy_yiuf_cottage
D:5:      layout_rooms, gup_sewer_entry_spiral, minmay_quadrilaterals
Temple:   minmay_temple_bridge_d

Skill      XL: |  1  2  3  4  5  6  7 |
---------------+----------------------+-----
Fighting       | 3 4 |  4.4
Transmutations | 1 2 3 4 |  4.0
Spellcasting   | 2 3 |  3.0
Short Blades   | |  2.0
Ranged Weapons | |  0.8
Throwing       | |  2.0
Dodging        | |  1.0
Stealth        | |  4.0

Action                   |  1- 3 |  4- 6 |  7- 9 || total
-------------------------+-------+-------+-------++-------
Melee: Dagger            |   125 |    23 |       ||   148
       Punch             |     2 |     1 |       ||     3
       Short sword       |       |    74 |    29 ||   103
       Kick              |       |     7 |     5 ||    12
       Headbutt          |       |     1 |     3 ||     4
 Fire: Longbow           |       |    11 |       ||    11
Throw: Stone             |       |     9 |     9 ||    18
 Cast: Beastly Appendage |       |     8 |     1 ||     9
  Use: Scroll            |     5 |     2 |     2 ||     9
       Potion            |     3 |     2 |     2 ||     7
 Stab: Sleeping          |    10 |     4 |     1 ||    15
Armor: Robe              |    24 |       |       ||    24
       Ring mail         |    31 |    27 |       ||    58
       Skin              |       |     8 |       ||     8
       Leather armour    |       |     8 |     5 ||    13
Dodge: Dodged            |    64 |    43 |    14 ||   121
